 Dungeon Crawl Stone Soup version 0.28-a0-793-g31680bbd8b (webtiles) character file.

Game seed: 8464383801177772879

431 horus123 the Poker (level 7, -7/53 HPs)
             Began as a Human Monk on Nov 3, 2021.
             Was a Priest of the Shining One.
             Mangled by a mummy (11 damage)
             ... in an ossuary.
             The game lasted 00:09:17 (4298 turns).

horus123 the Poker (Human Monk)                     Turns: 4298, Time: 00:09:19

Health: -7/53      AC:  4    Str: 12    XL:     7   Next: 19%
Magic:  8/8        EV: 13    Int: 17    God:    the Shining One [***...]
Gold:   1034       SH:  0    Dex: 16    Spells: 8/8 levels left

rFire   . . .      SeeInvis .   e - +0 scythe
rCold   . . .      Faith    .   (shield currently unavailable)
rNeg    + . .      Spirit   .   h - +0 troll leather armour {Pargi}
rPois   .          Reflect  .   (no helmet)
rElec   .          Harm     .   (no cloak)
rCorr   .          Rampage  .   (no gloves)
Will    .....                   (no boots)
Stlth   +.........              (no amulet)
HPRegen 1.17/turn               p - +6 ring of intelligence
MPRegen 0.11/turn               (no ring)

@: glowing
A: no striking features
a: Renounce Religion, Divine Shield, Cleansing Flame


You were in an ossuary.
You worshipped the Shining One.
The Shining One was most pleased with you.
You visited 1 branch of the dungeon, and saw 4 of its levels.
You also visited: Ossuary.

You collected 1034 gold pieces.

Inventory:

Hand Weapons
 a - a +1 spear
 e - a +0 scythe (weapon)
Armour
 b - a +0 robe
 g - a +0 plate armour
 h - a +0 troll leather armour (worn) {Pargi}
 r - a +0 cloak
Jewellery
 p - a +6 ring of intelligence (left hand)
Scrolls
 f - 2 scrolls of noise
 l - a scroll of silence
 m - a scroll of teleportation
 s - a scroll of identify
Potions
 c - a potion of resistance {unknown}
 d - a potion of mutation {unknown}
 i - a potion of degeneration {unknown}
 j - a potion of berserk rage {unknown}
 n - 3 potions of magic
 o - a potion of heal wounds {unknown}
 q - 2 potions of might {unknown}


   Skills:
 + Level 3.7 Fighting
 + Level 4.7 Polearms
 + Level 3.9 Armour
 - Level 3.6 Dodging
 - Level 2.2 Stealth
 * Level 1.3 Spellcasting
 * Level 1.7 Invocations


You had 8 spell levels left.
You didn't know any spells.
Your spell library contained the following spells:

 Spells                   Type           Power      Damage    Failure   Level
 Beastly Appendage        Tmut           2%         N/A       26%         1
 Wereblood                Tmut           1%         N/A       38%         2
 Spider Form              Tmut/Pois      1%         N/A       63%         3
 Chain Lightning          Conj/Air       0%         2d1       100%        9
 Fire Storm               Conj/Fire      0%         6d1       100%        9
 Shatter                  Erth           0%         3d5*      100%        9


Dungeon Overview and Level Annotations

Branches:
Dungeon (4/15)            Ossuary (1/1)
 Temple: D:4-7

Altars:
Kikubaaqudgha
Makhleb
Ru
The Shining One

Shops:
D:4 (


Message History

The killer bee zombie hits you.
The hornet zombie hits something.
The killer bee zombie closely misses you.
The hornet zombie hits something!
The killer bee zombie hits you but does no damage.
You slash the killer bee zombie!
The killer bee zombie is almost destroyed.
The killer bee zombie barely misses you.
The killer bee zombie completely misses you.
The killer bee zombie misses you.
You slash the killer bee zombie!
You destroy the killer bee zombie!
The Shining One accepts your kill.
You reach to attack!
You slash the mummy!
The mummy is heavily damaged.
A killer bee zombie comes into view.
You hit the mummy but do no damage.
The mummy is moderately damaged.
The killer bee zombie hits you but does no damage.
The mummy misses you.
You hit the mummy.
The mummy is heavily damaged.
The killer bee zombie hits you. x3; The mummy closely misses you.
You hit the mummy.
The mummy is severely damaged.
The killer bee zombie hits you! The killer bee zombie misses you.
The killer bee zombie hits you!
A mummy comes into view.
A bog mummy opens the door.
The mummy hits you!
* * * LOW HITPOINT WARNING * * *
The killer bee zombie hits you.
* * * LOW HITPOINT WARNING * * *
A centaur zombie comes into view.
As you read the scroll labelled DEEMUTHR ZIHIU, it crumbles to dust.
You feel aware of your surroundings.
It was a scroll of magic mapping.
The killer bee zombie hits you.
* * * LOW HITPOINT WARNING * * *
The centaur zombie barely misses you. The centaur zombie closely misses you.
The mummy hits you!
You die...

******#########
*,*,*,≈.Z.#.#.#
***'*.≈.#≈#Z#Z#'#**
*,',,..≈≈≈ZZMM@.+,*
***,*####.#####Z#**
*,',*,,,*,#...#.+,*
***,',,,*≈#.∩.'.#**
*,',*,,,*≈#∩..#.+,*
***,*****,#####.#**
*,',',*,'≈',*,+M+,*
***,*****,****#.#**
*,',*,,,*,*,,,#.+,*


You could see 2 mummies, a bog mummy, 2 bullfrog zombies, a killer bee zombie, a
hornet zombie and a centaur zombie.

Vanquished Creatures
  Pargi (D:3)
  A hound (D:4)
  A centaur zombie (D:3)
  2 orc wizards (D:4)
  A killer bee zombie (Ossuary)
  A hound skeleton (D:4)
  A mummy (Ossuary)
  7 adders
  3 worms
  5 dart slugs
  2 orcs (D:4)
  8 bats
  14 endoplasms
  3 giant cockroaches
  8 goblins
  14 hobgoblins
  4 quokkas
  3 ball pythons
  7 frilled lizards
  10 kobolds
  7 rats
103 creatures vanquished.

Vanquished Creatures (others)
  A withered plant (Ossuary)
1 creature vanquished.

Grand Total: 104 creatures vanquished

Notes
Turn   | Place    | Note
-------+----------+-------------------------------------------
     0 | D:1      | horus123 the Human Monk began the quest for the Orb.
     0 | D:1      | Reached XP level 1. HP: 18/18 MP: 1/1
   180 | D:1      | Reached XP level 2. HP: 24/24 MP: 2/2
   848 | D:1      | Reached XP level 3. HP: 29/29 MP: 3/3
  1250 | D:2      | Found a faded altar of an unknown god.
  1254 | D:2      | Prayed at the altar of an unknown god.
  1254 | D:2      | Became a worshipper of the Shining One
  1254 | D:2      | Reached * piety under the Shining One
  1254 | D:2      | Reached ** piety under the Shining One
  1475 | D:2      | Reached XP level 4. HP: 24/35 MP: 4/4
  1924 | D:2      | Reached *** piety under the Shining One
  1956 | D:2      | Reached skill level 1 in Armour
  2498 | D:3      | Reached XP level 5. HP: 34/41 MP: 5/5
  3007 | D:3      | Noticed Pargi
  3024 | D:3      | Killed Pargi
  3025 | D:3      | Reached skill level 4 in Polearms
  3025 | D:3      | Reached skill level 1 in Invocations
  3025 | D:3      | Reached XP level 6. HP: 34/47 MP: 6/6
  3762 | D:3      | Found a sacrificial altar of Ru.
  3764 | D:3      | Found a burning altar of Makhleb.
  3770 | D:3      | Found an ancient bone altar of Kikubaaqudgha.
  3977 | D:4      | Identified a scroll of acquirement
  3977 | D:4      | Acquired 893 gold pieces
  3995 | D:4      | Found a sand-covered staircase.
  4027 | D:4      | Found Soshrent's Weapon Boutique.
  4057 | D:4      | Reached skill level 1 in Spellcasting
  4082 | D:4      | Reached XP level 7. HP: 39/53 MP: 8/8
  4269 | Ossuary  | Entered an ossuary
  4298 | Ossuary  | Mangled by a mummy

Illustrated notes

Levels and vault maps discovered:
D:1:      elethiomel_arrival_shortcut, layout_basic, minmay_misc_feat_cross,
          minmay_misc_feat_square, st_stairs_2
D:2:      layout_basic, basic_ecumenical_altar, minmay_circle_x
D:3:      layout_basic, grunt_temple_overflow_diamond, kennysheep_path_1,
          amcnicky_mini_rare_corridor_liquid, uniq_pargi
D:4:      layout_loops_ring, minmay_temple_entry_enclosed_plants,
          enter_ossuary_2, serial_shops, nicolae_shop_waterfront,
          minmay_statues_item, sigmund_army
Ossuary:  ossuary_zaba_flooded

Skill      XL: |  1  2  3  4  5  6 |
---------------+-------------------+-----
Armour         | 1 3 |  3.9
Polearms       | 4 |  4.7
Invocations    | 1 |  1.7
Spellcasting   | 1 |  1.3
Fighting       | |  3.7
Dodging        | |  3.6
Stealth        | |  2.2

Action                   |  1- 3 |  4- 6 |  7- 9 || total
-------------------------+-------+-------+-------++-------
Melee: Spear             |    89 |   250 |     6 ||   345
       Scythe            |       |       |    34 ||    34
  Use: Scroll            |     2 |     9 |     1 ||    12
       Potion            |       |     1 |       ||     1
 Stab: Sleeping          |     3 |       |       ||     3
Armor: Robe              |     8 |     2 |       ||    10
       Plate armour      |       |   107 |       ||   107
       Skin              |       |    19 |       ||    19
       Troll leather arm |       |    20 |     9 ||    29
Dodge: Dodged            |    35 |   102 |    27 ||   164

Table legend: (Time is in decaauts)
 A = Elapsed time spent in this place.
 B = Non-inter-level travel time spent in this place.
 C = Inter-level travel time spent in this place.
 D = Time resting spent in this place.
 E = Time spent auto-exploring this place.
 F = Levels seen in this place.
 G = Mean time per level.
                   A        B        C        D        E       F      G
               +--------+--------+--------+--------+--------+-----+--------+
         Total |   4292 |   4162 |    130 |   1175 |   2145 |   5 |  858.4 |
       Dungeon |   4250 |   4120 |    130 |   1175 |   2140 |   4 | 1062.5 |
       Ossuary |     41 |     41 |      0 |      0 |      5 |   1 |   41.0 |
               +--------+--------+--------+--------+--------+-----+--------+

Top non-repeatable levels by time:
     D:3: 1396 daAuts
     D:1: 1246 daAuts
     D:2: 1154 daAuts
     D:4: 453 daAuts
 Ossuary: 41 daAuts
